Unix NetHack Version 5.0.0-0 post-release - last build Jun 10 2026 00:39:30 (3ee93aec679c4c4259841fe613dc97188e26a321,branch:main).

Game began 2026-06-27 11:12:47, ended 2026-06-28 13:28:44.

Japes, lawful male human Monk

                      #####################
                      #-----              #################    -------------
                      #|.*`|                              ##   |..<........|
                      #|%..|    0##############################............|
                      #|...|    #---------              ##   # -.-.-----.---
                      #|...|    #|C.......          #####    #          #
          ------- #####....| ####|.....C.....-1#1#a@#        #          #
          |...%"-##   #|...-##   |   -- --  1                #        # #
          |[.[".|    ##-----               1                ##        ###
          |.*.."-####0                               ------##          ###
          --.----                                    |....|###########  #
            #                                        |.....#     ----)--|---
            ####                                     |....|#     |...*%....|
               #                                     |....|#     |....%(...|
               #                                     |...>.######+.........|
               ####################################  ------#     |.........|
                                                  ##%#######     |.........|
                                                                 -----------

Japes the Initiate              St:17 Dx:15 Co:15 In:12 Wi:10 Ch:9  Lawful
Dlvl:8  $:759 HP:0(71) Pw:33(33) AC:2  Xp:8/2059 T:6142 

Latest messages:
 You are beginning to feel hungry.
 You find a hidden door.
 This door is locked.
 Unlock it with your key? [ynq] (q)
 You succeed in unlocking the door.
 What do you want to eat? [fghip or ?*]
 Blecch!  Rotten food!
 You feel rather light headed.
 You finish eating the food ration.
 What do you want to use or apply? [ej-ls-xBMQST or ?*]
 You feel less confused now.
 The ettin mummy opens a door.
 The gold golem hits!
 The gold golem hits again!
 You hit the gold golem!
 You hit the gold golem!
 The gold golem hits!
 The gold golem hits again!
 You hit the gold golem!
 You hit the gold golem!
 You hit the gold golem!
 The gold golem hits!
 The gold golem hits again!
 The ettin mummy hits!
 The ettin mummy hits again!
 You hit the gold golem!
 You destroy the gold golem!
 The ettin mummy hits!
 The ettin mummy knocks you backward with a powerful strike!
 What do you want to drink? [mzDER or ?*]
 You feel better.
 You hit the ettin mummy!
 You hit the ettin mummy!
 The ettin mummy hits!
 The ettin mummy hits again!
 You hit the ettin mummy!
 The ettin mummy hits!
 The ettin mummy hits again!
 You destroy the ettin mummy!
 You hit the soldier ant!
 You kill the soldier ant!
 You hit the soldier ant!
 You hit the soldier ant!
 The soldier ant bites!
 The soldier ant stings!
 The soldier ant bites!
 The soldier ant stings!
 You die...
 Do you want your possessions identified? [ynq] (y)
 Do you want to see your attributes? [ynq] (y)

Inventory:
 Coins    ('$')
  $ - 759 gold pieces
 Amulets  ('"')
  P - an uncursed amulet of reflection (being worn)
 Weapons  (')')
  O - 3 blessed +0 daggers
  W - 8 +0 daggers
  a - a +1 long sword
 Armor    ('[')
  J - an uncursed +0 elven leather helm (being worn)
  K - an uncursed +2 pair of leather gloves (being worn)
  n - an uncursed +0 pair of elven boots (being worn)
  X - an uncursed +0 cloak of protection (being worn)
  b - an uncursed +1 robe
 Comestibles  ('%')
  p - an uncursed venti hot decaf vanilla latte
  g - 6 uncursed apples
  f - 4 uncursed food rations
  i - 4 uncursed fortune cookies
  h - 5 uncursed oranges
 Scrolls  ('?')
  Z - 3 uncursed scrolls of blank paper
  G - a blessed scroll of charging
  c - an uncursed scroll of confuse monster
  H - an uncursed scroll of create monster
  A - an uncursed scroll of fire
  o - an uncursed scroll of gold detection
  U - a blessed scroll of light
  L - a blessed scroll of teleportation
  N - 3 uncursed scrolls of teleportation
 Spellbooks  ('+')
  j - a blessed spellbook of protection
 Potions  ('!')
  m - a cursed potion of acid
  D - an uncursed potion of levitation
  R - a cursed potion of object detection
  z - an uncursed potion of water
 Rings    ('=')
  y - an uncursed ring of fire resistance (on left hand)
  q - an uncursed +2 ring of increase damage (on right hand)
 Wands    ('/')
  s - a wand of lightning (0:7)
  S - a wand of magic missile (0:5)
  w - a wand of make invisible (0:6)
  M - a wand of sleep (0:4)
  B - a wand of stasis (0:3)
  Q - a wand of striking (0:5)
  v - a wand of striking (0:0)
 Tools    ('(')
  T - an uncursed wooden flute
  e - an uncursed blindfold
  l - a cursed magic lamp
  x - a +0 pick-axe
  k - an uncursed skeleton key
  t - an uncursed towel
  u - a +0 unicorn horn
 Gems/Stones  ('*')
  r - an uncursed aquamarine stone
  F - an uncursed fluorite stone
  C - 2 uncursed worthless pieces of black glass
  I - an uncursed worthless piece of green glass
  Y - 2 uncursed worthless pieces of orange glass
  V - 2 uncursed worthless pieces of violet glass
  d - 3 uncursed worthless pieces of white glass

Japes the Monk's attributes:

Background:
 You were an Initiate, a level 8 male human Monk.
 You were lawful, on a mission for Shan Lai Ching
 who was opposed by Chih Sung-tzu (neutral) and Huan Ti (chaotic).
 You were right-handed.
 You were in the Dungeons of Doom, on level 8.
 You entered the dungeon 6142 turns ago.
 You had 2059 experience points, 501 more were needed to attain level 9.

Basics:
 You had 0 out of 71 hit points.
 You had all 33 energy points (spell power).
 Your armor class was 2.
 Your wallet contained 759 zorkmids.
 Autopickup was on for '$' plus thrown.

Final Characteristics:
 Your strength was 17 (limit:18/100).
 Your dexterity was 15 (limit:18).
 Your constitution was 15 (limit:18).
 Your intelligence was 12 (limit:18).
 Your wisdom was 10 (limit:18).
 Your charisma was 9 (limit:18).

Final Status:
 You weren't hungry.
 You were unencumbered.
 You were empty handed.
 You were skilled in martial arts and could have enhanced that.

Final Attributes:
 You were piously aligned.
 You were fire resistant.
 Your items were protected from fire.
 You were sleep resistant.
 You were poison resistant.
 You saw invisible.
 You were warned.
 You were stealthy.
 You had a small damage bonus (+2).
 You were protected.
 You were fast.
 You had reflection.
 You are dead.

Miscellaneous:
 You encountered 1 bones level.
 Total elapsed playing time was 2 hours, 18 minutes and 58 seconds.

Major events:
 Turn
    1: Japes the lawful male human Monk entered the dungeon
  307: entered the Gnomish Mines
  328: attained the rank of Novice (level 3)
 2050: attained the rank of Initiate (level 6)
 2348: reached Mine Town
 6142: killed by a soldier ant

Spells:
 Name                 Level Category     Fail Retention
 protection             1   clerical      48%   51%-75%

Skills:
 Fighting Skills
   martial arts       [Skilled]
 Weapon Skills
   quarterstaff       [Unskilled]
   spear              [Unskilled]
   crossbow           [Unskilled]
   shuriken           [Unskilled]
 Spellcasting Skills
   attack spells      [Unskilled]
   healing spells     [Basic]
   divination spells  [Unskilled]
   enchantment spells [Unskilled]
   clerical spells    [Unskilled]
   escape spells      [Unskilled]
   matter spells      [Unskilled]

Voluntary challenges:
 Character rerolling was not enabled.
 You followed a strict vegan diet.
 You never hit with a wielded weapon.
 You never genocided any monsters.
 You never polymorphed an object.
 You never changed form.
 You used no wishes.
Achievements:
 You entered the Gnomish Mines.
 You attained the rank of Novice.
 You entered a shop.
 You attained the rank of Initiate.
 You entered Minetown.
 You entered a temple.

 The Dungeons of Doom: levels 1 to 9
    Level 1:
    Level 2:
       A general store, an altar.
       Stairs down to The Gnomish Mines.
    Level 3:
    Level 4:
       A general store.
    Level 5:
       Final resting place for
          pots164-Kni-Hum-Mal-Law, slipped while mounting a saddled pony.
    Level 6:
    Level 7:
    Level 8: <- You were here.
       Final resting place for
          you, killed by a soldier ant.
    Level 9:
 The Gnomish Mines: levels 3 to 7
    Level 3:
    Level 4:
    Level 5:
       Many shops, a temple and an altar, some fountains.
    Level 6:
    Level 7:


Vanquished creatures:
  a ghost
  3 small mimics
 an ettin mummy
  a chameleon
  a quivering blob
  a leprechaun
  a giant spider
  a baby long worm
  2 ogres
 an owlbear
  a gold golem
  a lizard
  a gray unicorn
  a black unicorn
  a plains centaur
  a snake
  5 apes
  4 Woodland-elves
  a soldier ant
  a water nymph
  4 Mordor orcs
  3 Uruk-hai
  a rock piercer
  a yellow light
  8 gnome leaders
  4 gnomish wizards
  a kobold mummy
  a barrow wight
  a paper golem
  a giant ant
  a dwarf
  2 homunculi
  a kobold leader
  2 hill orcs
  3 rothes
  a rabid rat
  a centipede
  2 orc zombies
  7 iguanas
  3 killer bees
  2 acid blobs
  a hobbit
  2 giant rats
  2 cave spiders
  a yellow mold
  a red mold
 41 gnomes
  4 garter snakes
  2 gnome zombies
  3 geckos
  3 jackals
  a kobold
 14 grid bugs
  6 lichens
  7 newts
168 creatures vanquished.

No species were genocided or became extinct.

Game over:
                       ----------
                      /          \
                     /    REST    \
                    /      IN      \
                   /     PEACE      \
                  /                  \
                  |      Japes       |
                  |      759 Au      |
                  |   killed by a    |
                  |   soldier ant    |
                  |                  |
                  |                  |
                  |       2026       |
                 *|     *  *  *      | *
        _________)/\\_//(\/(/\)/\//\/|_)_______

Goodbye Japes the Monk...

You died in The Dungeons of Doom on dungeon level 8 with 9350 points,
and 759 pieces of gold, after 6142 moves.
You were level 8 with a maximum of 71 hit points when you died.

